 Dungeon Crawl Stone Soup version 0.22-a0-407-gb098539 (webtiles) character file.

145109 dstrtnsr the Warrior (level 17, -2/171 HPs)
             Began as a Hill Orc Berserker on May 10, 2018.
             Was a High Priest of Trog.
             Slain by a 17-headed hydra (8 damage)
             ... on level 4 of the Swamp.
             The game lasted 00:23:51 (24061 turns).

dstrtnsr the Warrior (Hill Orc Berserker)          Turns: 24061, Time: 00:23:51

Health: -2/171     AC: 27    Str: 27    XL:     17   Next: 11%
Magic:  0/21       EV:  9    Int:  7    God:    Trog [*****.]
Gold:   220        SH: 12    Dex: 13    Spells: 16/16 levels left

rFire    . . .     SeeInvis .   I - +4 broad axe (vamp)
rCold    + + .     Gourm    .   O - +0 shield
rNeg     . . .     Faith    .   a - +0 plate armour
rPois    +         Spirit   +   z - +2 helmet
rElec    .         Reflect  .   x - scarf {Spirit}
rCorr    +         Harm     .   A - +2 pair of gloves
MR       +....                  L - +0 pair of boots
Stlth    ..........             n - amulet of the acrobat
HPRegen  0.38/turn              K - ring "Ciulis" {rPois rC++ Dex+3 Stlth+}
MPRegen  0.17/turn              o - ring of resist corrosion

@: lethally poisoned (-2 -> -2), about to teleport, berserk cooldown, slowed,
very slow
A: no striking features
}: 1/15 runes: serpentine
a: Berserk, Trog's Hand, Brothers in Arms, Renounce Religion


You were on level 4 of the Swamp.
You worshipped Trog.
Trog was extremely pleased with you.
You were near starving.

You visited 4 branches of the dungeon, and saw 23 of its levels.

You collected 892 gold pieces.
You spent 672 gold pieces at shops.

Inventory:

Hand Weapons
 i - the +1 executioner's axe of Woe {elec, rElec Int+2}
   (Trog gifted it to you on level 3 of the Snake Pit)

   Occasionally, upon striking a foe, it will discharge some electrical energy
   and cause terrible harm.
   It affects your intelligence (+2).
   It insulates you from electricity.
 I - a +4 vampiric broad axe (weapon)
Armour
 a - a +0 plate armour (worn)
 x - a scarf of spirit shield (worn)
 z - a +2 helmet (worn)
 A - a +2 pair of gloves (worn)
 L - a +0 pair of boots (worn)
 O - a +0 shield (worn)
Jewellery
 f - an uncursed ring of fire
 n - an amulet of the acrobat (around neck)
 o - a ring of resist corrosion (right hand)
 K - the ring "Ciulis" (left hand) {rPois rC++ Dex+3 Stlth+}
   (You found it on level 5 of the Lair of Beasts)

   [ring of dexterity]

   It affects your dexterity (+3).
   It greatly protects you from cold.
   It protects you from poison.
   It makes you more stealthy.
Wands
 b - a wand of scattershot (6)
 C - a wand of acid (6)
 D - a wand of disintegration (5)
 H - a wand of clouds (12)
 V - a wand of digging (24)
Scrolls
 d - a scroll of magic mapping
 g - 6 scrolls of remove curse {@r2}
 k - a scroll of teleportation {!d}
 s - a scroll of fear
 u - a scroll of fog
 v - a scroll of immolation
 G - a scroll of holy word
 P - a scroll of enchant weapon
 R - a scroll of vulnerability {unknown}
Potions
 c - 4 potions of might
 h - 3 potions of berserk rage
 j - 6 potions of heal wounds
 l - 5 potions of curing {@q1}
 m - a potion of flight
 p - 4 potions of resistance
 q - 3 potions of haste
 r - 5 potions of mutation
 t - a potion of invisibility
 w - 4 potions of cancellation
 y - a potion of agility
 J - 2 potions of ambrosia
 M - a potion of lignification
Miscellaneous
 F - a phantom mirror
Comestibles
 e - 17 rations {!d}


   Skills:
 * Level 20.4 Fighting
 - Level 18.0 Axes
 * Level 17.2 Armour
 + Level 4.8 Dodging
 * Level 8.3 Shields
 + Level 5.3 Evocations


You had 16 spell levels left.
You didn't know any spells.

Dungeon Overview and Level Annotations

Branches:
Dungeon (9/15)             Temple (0/1) D:7            Lair (6/6) D:8
  Swamp (4/4) Lair:3        Snake (4/4) Lair:3        Slime (0/5) Lair:6
    Orc: D:9-12

Altars:
Fedhas
Ru
Xom
Jiyva

Shops:
D:8 *   Snake:2 %   Snake:3 !

Annotations:
D:8 exclusion: oklob sapling
D:9 1 transporter
Snake:3 exclusion: Roxanne, Roxanne


Message History

The 16-headed hydra bites you. The 16-headed hydra closely misses you.
The 16-headed hydra bites you but does no damage.
The swamp drake bites you!
You slice the swamp drake!!
You feel better.
You kill the swamp drake!
Trog accepts your kill.
You slice the swamp dragon!! You slash the swamp drake!
You barely miss the 16-headed hydra.
The swamp dragon breathes poison at you.
The blast of poison misses you. You block the 16-headed hydra's attack.
The 16-headed hydra barely misses you.
The 16-headed hydra bites you but does no damage. x3
The 16-headed hydra barely misses you. The 16-headed hydra closely misses you.
The 16-headed hydra barely misses you. The 16-headed hydra bites you!
The 16-headed hydra bites you.
The 16-headed hydra bites you but does no damage.
You block the 16-headed hydra's attack.
The 16-headed hydra completely misses you.
The 16-headed hydra bites you but does no damage. x2
You block the 16-headed hydra's attack.
The swamp drake breathes noxious fumes at you.
The noxious blast misses you.
You hear a roar! x2; You hear a deafening roar!
You closely miss the swamp dragon.
The swamp dragon is severely wounded.
You closely miss the swamp drake.
You hack one of the 16-headed hydra's heads off!
The 15-headed hydra grows two more!
You slash the 17-headed hydra!
You feel better.
Your shield and plate armour prevent you from hitting the ten-headed hydra.
You feel sick. You block the swamp dragon's attack.
The swamp dragon claws you but does no damage.
The swamp dragon tramples you.
You hold your ground!
The ten-headed hydra bites you but does no damage. x2
The ten-headed hydra closely misses you.
The ten-headed hydra barely misses you. x2
You block the ten-headed hydra's attack.
The ten-headed hydra bites you but does no damage.
The ten-headed hydra completely misses you.
The ten-headed hydra bites you!
The ten-headed hydra completely misses you.
The 17-headed hydra bites you but does no damage.
The 17-headed hydra barely misses you.
The 17-headed hydra bites you but does no damage.
The 17-headed hydra bites you!
The 17-headed hydra bites you but does no damage. x2
The 17-headed hydra closely misses you.
The 17-headed hydra bites you but does no damage.
You block the 17-headed hydra's attack. x2
The 17-headed hydra bites you but does no damage. x6
The 17-headed hydra closely misses you. You block the swamp drake's attack.
The swamp dragon bites you! The swamp dragon claws you.
The swamp dragon tramples you but does no damage.
The ten-headed hydra bites you but does no damage.
The ten-headed hydra barely misses you.
The ten-headed hydra bites you but does no damage.
The ten-headed hydra bites you.
The ten-headed hydra bites you but does no damage.
The ten-headed hydra completely misses you.
The ten-headed hydra barely misses you.
The ten-headed hydra bites you but does no damage.
The ten-headed hydra bites you. The ten-headed hydra barely misses you.
You are too injured to fight recklessly!
You are too injured to fight recklessly!
You are too injured to fight recklessly!
Unknown command.
As you read the scroll of teleportation {!d}, it crumbles to dust.
You feel strangely unstable. You block the 17-headed hydra's attack.
The 17-headed hydra bites you but does no damage.
You block the 17-headed hydra's attack. The 17-headed hydra bites you.
The 17-headed hydra barely misses you.
The 17-headed hydra bites you but does no damage.
The 17-headed hydra bites you!
* * * LOW HITPOINT WARNING * * *
The 17-headed hydra closely misses you. The 17-headed hydra bites you!
* * * LOW HITPOINT WARNING * * *
The 17-headed hydra bites you but does no damage.
The 17-headed hydra barely misses you.
The 17-headed hydra bites you but does no damage.
The 17-headed hydra bites you.
* * * LOW HITPOINT WARNING * * *
The 17-headed hydra bites you but does no damage. x3
The 17-headed hydra barely misses you. The swamp drake barely misses you.
The ten-headed hydra barely misses you.
The ten-headed hydra bites you but does no damage. x2
You block the ten-headed hydra's attack.
The ten-headed hydra bites you!
* * * LOW HITPOINT WARNING * * *
The ten-headed hydra bites you but does no damage. x2
You block the ten-headed hydra's attack.
The ten-headed hydra bites you.
* * * LOW HITPOINT WARNING * * *
The ten-headed hydra barely misses you. The swamp dragon bites you!
* * * LOW HITPOINT WARNING * * *
The swamp dragon closely misses you. You block the swamp dragon's attack.
You block the 17-headed hydra's attack.
The 17-headed hydra bites you but does no damage. x2
The 17-headed hydra barely misses you. The 17-headed hydra closely misses you.
The 17-headed hydra bites you!
You die...

*** *,*****≈,≈≈,*♣...≈≈≈♣♣ *,
**,≈,..#*≈,≈**♣♣.≈≈≈.♣ **
**,≈,,≈≈.#*,** ♣.≈≈§≈♣******,
*≈≈≈,**#≈§#** ♣.≈..♣♣,**,,**
*≈,***≈*#≈.#* ♣♣†≈♣♣♣,,,,,,**
*,,**≈,≈*#.≈###♣.♣♣♣**≈,,≈,***
*≈,,≈,≈≈,#≈≈≈....≈♣♣*,≈≈≈.,≈**
*≈,≈≈≈,,,#♣♣DkD..≈.♣♣?..≈.≈***
#,,≈≈,≈≈,#♣.D@≈..†.≈$..≈≈.,**≈
#.,**≈,≈##≈†###♣.).†..≈PP≈≈***
#.≈##*≈##≈†## ♣♣♣♣♣.♣.♣♣.,≈,*
#..ik###≈.##** *♣♣*♣,,,≈,,
*#≈.D§†≈≈##*,** *≈,≈*,*
##≈k§.§##*≈,,** **,≈,**
##§####*≈≈,≈,* **,**
#≈§*≈,≈≈,,,,* ***
*,,,,≈≈≈,,,,*


You could see a 17-headed hydra, a ten-headed hydra, a swamp dragon and a swamp
drake.

Vanquished Creatures
  Vashnia (Snake:3)
  Frances (Snake:2)
  3 thorn hunters
  7 nagarajas
  Aizul (Swamp:2)
  Fannar (Lair:2)
  14 hydras
  14 naga warriors
  A two-headed ogre (D:9)
  A catoblepas (Lair:6)
  8 anacondas
  2 death yaks (Lair:6)
  4 alligators
  The ghost of Tungsten the Frost Mage, a novice DgIE (D:9)
  Urug (Lair:5)
  11 naga sharpshooters
  9 shock serpents
  A spriggan (Swamp:4)
  A spriggan berserker (Swamp:4)
  3 salamander mystics
  8 swamp dragons
  10 naga ritualists
  The ghost of B1inky the Nimble, a novice OpFi of Gozag (D:8)
  9 mana vipers
  A manticore (Lair:6)
  3 salamanders
  2 elephants (Lair:6)
  35 black mambas
  9 guardian serpents
  14 naga magi
  A torpor snail (Lair:6)
  An eye of devastation (Lair:6)
  5 spiny frogs
  3 komodo dragons
  A polar bear (Lair:6)
  2 tyrant leeches (Swamp:4)
  8 slime creatures
  2 hornets
  5 blink frogs
  2 dream sheep (Lair:6)
  4 bog bodies
  10 hippogriffs
  A wyvern (Lair:5)
  30 yaks
  A hungry ghost (D:8)
  4 basilisks
  A steam dragon (Lair:2)
  3 vampire mosquitoes (Swamp:2)
  5 swamp worms
  55 nagas
  12 water moccasins
  12 porcupines
  7 swamp drakes
  2 ice beasts (D:8)
  2 phantoms
  4 ogres
  17 wolves
  An eye of draining (Lair:6)
  3 centaurs
  15 crocodiles
  A big kobold (D:8)
  13 bullfrogs
  2 elf skeletons (D:7)
  3 killer bees (D:9)
  An electric eel (Lair:3)
  3 crimson imps
  A bullfrog zombie (D:9)
  5 hounds
  5 jellies
  An orc priest (D:3)
  A centaur skeleton (D:9)
  An iguana (D:8)
  A human skeleton (D:7)
  4 worker ants
  3 orc wizards
  3 gnolls (D:5)
  10 adders
  2 adder zombies (D:8)
  6 oozes
  5 worms
  3 leopard geckos
  16 orcs
  6 ball pythons (D:8)
  6 bats
  6 giant cockroaches
  6 goblins
  5 hobgoblins
  11 jackals
  7 kobolds
  3 quokkas
  5 frilled lizards
  A jackal zombie (D:5)
  7 rats
  3 briar patches (Swamp:2)
  A fungus (Swamp:1)
  5 plants
558 creatures vanquished.

Vanquished Creatures (collateral kills)
  A nagaraja (Snake:3)
  A hydra (Swamp:1)
  A catoblepas (Lair:5)
  6 slime creatures (Swamp:1)
  A naga (Snake:3)
10 creatures vanquished.

Vanquished Creatures (others)
  A naga sharpshooter (Snake:4)
  A swamp drake (Swamp:4)
  2 briar patches
  2 fungi
  8 plants
14 creatures vanquished.

Grand Total: 582 creatures vanquished

Notes
Turn   | Place    | Note
-------+----------+-------------------------------------------
     0 | D:1      | dstrtnsr the Hill Orc Berserker began the quest for the Orb.
     0 | D:1      | Reached XP level 1. HP: 19/19 MP: 1/1
   493 | D:1      | Reached XP level 2. HP: 27/27 MP: 2/2
   874 | D:2      | Reached skill level 4 in Fighting
   874 | D:2      | Reached skill level 5 in Axes
  1012 | D:2      | Reached XP level 3. HP: 33/33 MP: 3/3
  1129 | D:2      | HP: 11/33 [worm (4)]
  1195 | D:2      | Reached ** piety under Trog
  1200 | D:2      | HP: 13/33 [jackal (2)]
  1205 | D:2      | HP: 10/33 [jackal (2)]
  1315 | D:2      | HP: 13/33 [poisoned by an adder]
  1320 | D:2      | HP: 9/33 [poisoned by an adder]
  1326 | D:2      | HP: 7/33 [poisoned by an adder]
  1332 | D:2      | HP: 6/33 [poisoned by an adder]
  1340 | D:2      | HP: 5/33 [poisoned by an adder]
  1390 | D:2      | Paralysed by fainting for 9 turns
  1402 | D:2      | Paralysed by fainting for 11 turns
  1416 | D:2      | Paralysed by fainting for 6 turns
  1962 | D:3      | Reached XP level 4. HP: 34/41 MP: 4/4
  2279 | D:3      | Reached XP level 5. HP: 47/47 MP: 5/5
  2473 | D:3      | Reached skill level 5 in Fighting
  2583 | D:3      | Reached *** piety under Trog
  2875 | D:4      | Found a sacrificial altar of Ru.
  2938 | D:5      | Entered Level 5 of the Dungeon
  2938 | D:5      | Noticed an ogre
  2945 | D:5      | Killed an ogre
  2945 | D:5      | Reached XP level 6. HP: 56/56 MP: 6/6
  3587 | D:4      | Noticed a phantom
  3615 | D:4      | Killed a phantom
  3829 | D:5      | Reached skill level 6 in Fighting
  3829 | D:5      | Reached XP level 7. HP: 63/63 MP: 7/7
  3967 | D:5      | HP: 25/64 [poisoned by a worker ant]
  3973 | D:5      | HP: 25/64 [poisoned by a worker ant]
  4346 | D:6      | Reached skill level 7 in Fighting
  4346 | D:6      | Reached skill level 10 in Axes
  4346 | D:6      | Reached XP level 8. HP: 54/73 MP: 8/8
  5120 | D:7      | Found a staircase to the Ecumenical Temple.
  5245 | D:7      | Found a sand-covered staircase.
  5326 | D:8      | Noticed B1inky's ghost (novice OpFi)
  5331 | D:8      | Noticed a yak
  5380 | D:8      | Noticed a hippogriff
  5386 | D:8      | Killed B1inky's ghost
  5386 | D:8      | Reached skill level 8 in Fighting
  5386 | D:8      | Reached XP level 9. HP: 82/82 MP: 9/9
  5399 | D:8      | HP: 32/82 [crocodile (14)]
  5404 | D:7      | HP: 18/82 [poisoned by B1inky's ghost]
  5410 | D:7      | HP: 17/82 [poisoned by B1inky's ghost]
  5416 | D:7      | HP: 17/82 [poisoned by B1inky's ghost]
  5421 | D:7      | HP: 13/82 [crocodile (5)]
  5433 | D:7      | HP: 16/123 [crocodile (7)]
  5744 | D:8      | Reached skill level 9 in Fighting
  5854 | D:8      | Found a staircase to the Lair.
  5877 | D:8      | HP: 28/83 [yak (10)]
  5891 | D:8      | HP: 28/83 [hippogriff (1)]
  5892 | D:8      | HP: 13/83 [hippogriff (4)]
  5894 | D:8      | HP: 5/83 [hippogriff (3)]
  5894 | D:8      | HP: 2/83 [hippogriff (3)]
  6100 | D:8      | HP: 31/84 [phantom (4)]
  6108 | D:8      | HP: 25/84 [iguana (5)]
  6114 | D:8      | Reached **** piety under Trog
  6600 | D:8      | Reached skill level 10 in Fighting
  6630 | D:8      | Found Ublaosocs's Assorted Antiques.
  7002 | D:8      | Reached XP level 10. HP: 59/93 MP: 10/10
  7541 | D:8      | Found a blossoming altar of Fedhas.
  7622 | D:9      | Found a viscous altar of Jiyva.
  7777 | D:9      | Noticed a two-headed ogre
  7781 | D:9      | HP: 51/141 [two-headed ogre/giant spiked club (15)]
  7785 | D:9      | Killed a two-headed ogre
  7785 | D:9      | Reached skill level 15 in Axes
  8071 | D:9      | Found a transporter.
  8211 | D:9      | Found a shimmering altar of Xom.
  8482 | D:9      | Noticed Tungsten's ghost (novice DgIE)
  8494 | D:9      | HP: 36/94 [Tungsten's ghost (12)]
  8529 | D:9      | HP: 37/94 [bullfrog (6)]
  8534 | D:9      | HP: 45/141 [bullfrog (5)]
  9092 | D:9      | Killed Tungsten's ghost
  9092 | D:9      | Reached skill level 11 in Fighting
  9354 | Lair:1   | Entered Level 1 of the Lair of Beasts
  9677 | Lair:1   | Reached XP level 11. HP: 102/102 MP: 11/11
  9689 | Lair:1   | Reached ***** piety under Trog
  9901 | Lair:1   | Reached skill level 5 in Armour
  9958 | Lair:1   | HP: 41/104 [spiny frog (19)]
  9963 | Lair:1   | HP: 41/156 [poisoned by a spiny frog]
  9968 | Lair:1   | HP: 26/156 [poisoned by a spiny frog]
  9973 | Lair:1   | HP: 15/104 [poisoned by a spiny frog]
  9978 | Lair:1   | HP: 10/104 [poisoned by a spiny frog]
  9984 | Lair:1   | HP: 8/104 [poisoned by a spiny frog]
  9991 | Lair:1   | HP: 8/104 [poisoned by a spiny frog]
  9996 | Lair:1   | HP: 8/104 [poisoned by a spiny frog]
 10935 | Lair:2   | Reached skill level 12 in Fighting
 11214 | Lair:2   | Noticed Fannar
 11229 | Lair:2   | Killed Fannar
 12051 | Lair:3   | Reached XP level 12. HP: 79/113 MP: 12/12
 12358 | Lair:3   | Found a staircase to the Snake Pit.
 12537 | Lair:3   | Reached skill level 13 in Fighting
 12743 | Lair:3   | Found a staircase to the Swamp.
 12881 | Lair:4   | Noticed a seven-headed hydra
 12893 | Lair:4   | Killed a 12-headed hydra
 13546 | Lair:4   | Noticed a six-headed hydra
 13558 | Lair:4   | Killed a 13-headed hydra
 14254 | Lair:5   | Noticed a catoblepas
 14284 | Lair:5   | HP: 29/115 [catoblepas (23)]
 14288 | Lair:5   | HP: 11/115 [catoblepas (20)]
 14292 | Lair:5   | Killed a catoblepas
 14711 | Lair:5   | Got a crude brass ring
 14727 | Lair:5   | Noticed Urug
 14748 | Lair:5   | Killed Urug
 14748 | Lair:5   | Reached skill level 14 in Fighting
 14981 | Lair:5   | Noticed a four-headed hydra
 14996 | Lair:5   | Killed an 11-headed hydra
 15359 | Lair:5   | Reached skill level 10 in Armour
 15528 | Lair:6   | Entered Level 6 of the Lair of Beasts
 15881 | Lair:6   | Reached XP level 13. HP: 109/125 MP: 13/13
 16052 | Lair:6   | Received a gift from Trog
 16057 | Lair:6   | Reached skill level 15 in Fighting
 16094 | Lair:6   | Identified the ring "Ciulis" {rPois rC++ Dex+3 Stlth+} (You found it on level 5 of the Lair of Beasts)
 16307 | Lair:6   | HP: 45/128 [death yak (14)]
 16308 | Lair:6   | HP: 20/128 [12-headed hydra (6)]
 16658 | Lair:6   | Found a staircase to the Slime Pits.
 16827 | Snake:1  | Entered Level 1 of the Snake Pit
 16994 | Snake:1  | Reached skill level 16 in Fighting
 17366 | Snake:1  | You fall through a shaft!
 17597 | Snake:2  | Noticed Frances
 17612 | Snake:2  | Killed Frances
 17618 | Snake:2  | Reached XP level 14. HP: 138/138 MP: 11/14
 17815 | Snake:2  | Found Syubloutt's Food Shoppe.
 17994 | Snake:2  | Reached skill level 17 in Fighting
 19520 | Snake:3  | Noticed Roxanne
 19525 | Snake:3  | Found Gaynerph's Distillery.
 19528 | Snake:3  | Bought a potion of haste for 210 gold pieces
 19528 | Snake:3  | Bought a potion of curing for 63 gold pieces
 19528 | Snake:3  | Bought a potion of curing for 63 gold pieces
 19528 | Snake:3  | Bought 2 potions of cancellation for 336 gold pieces
 19663 | Snake:3  | Noticed a nagaraja
 19682 | Snake:3  | Killed a nagaraja
 19742 | Snake:3  | Reached skill level 18 in Fighting
 19899 | Snake:3  | Noticed a nagaraja
 19911 | Snake:3  | Killed a nagaraja
 20058 | Snake:3  | Noticed Vashnia
 20074 | Snake:3  | Noticed a nagaraja
 20075 | Snake:3  | Reached skill level 15 in Armour
 20075 | Snake:3  | Reached XP level 15. HP: 150/150 MP: 1/15
 20075 | Snake:3  | Received a gift from Trog
 20088 | Snake:3  | Killed Vashnia
 20099 | Snake:3  | Killed a nagaraja
 20103 | Snake:3  | Got a faintly glowing executioner's axe {god gift}
 20248 | Snake:3  | Identified the +1 executioner's axe of Woe {elec, rElec Int+2} (Trog gifted it to you on level 3 of the Snake Pit)
 20351 | Snake:3  | Reached skill level 19 in Fighting
 20514 | Snake:3  | Reached skill level 1 in Evocations
 20584 | Snake:4  | Entered Level 4 of the Snake Pit
 20636 | Snake:4  | Reached skill level 1 in Shields
 21427 | Snake:4  | Noticed a nagaraja
 21449 | Snake:4  | Killed a nagaraja
 21450 | Snake:4  | HP: 51/152 [naga mage/halberd (11)]
 21455 | Snake:4  | HP: 40/152 [poisoned by a naga ritualist (splash of poison)]
 21460 | Snake:4  | HP: 38/152 [poisoned by a naga ritualist (splash of poison)]
 21465 | Snake:4  | HP: 38/152 [poisoned by a naga ritualist (splash of poison)]
 21470 | Snake:4  | HP: 39/152 [poisoned by a naga ritualist (splash of poison)]
 21476 | Snake:4  | HP: 41/152 [poisoned by a naga ritualist (splash of poison)]
 21483 | Snake:4  | HP: 41/152 [poisoned by a naga ritualist (splash of poison)]
 21490 | Snake:4  | HP: 41/152 [poisoned by a naga ritualist (splash of poison)]
 21498 | Snake:4  | HP: 42/152 [poisoned by a naga ritualist (splash of poison)]
 22085 | Snake:4  | Received a gift from Trog
 22447 | Snake:4  | Reached XP level 16. HP: 161/161 MP: 16/18
 22505 | Snake:4  | Reached skill level 5 in Shields
 22603 | Snake:4  | Reached ****** piety under Trog
 22690 | Snake:4  | Noticed a nagaraja
 22705 | Snake:4  | Killed a nagaraja
 22745 | Snake:4  | Noticed a nagaraja
 22749 | Snake:4  | Noticed a nagaraja
 22759 | Snake:4  | Killed a nagaraja
 22770 | Snake:4  | Killed a nagaraja
 22775 | Snake:4  | Got a serpentine rune of Zot
 22854 | Snake:4  | Noticed a nagaraja
 22865 | Snake:4  | Killed a nagaraja
 22992 | Swamp:1  | Entered Level 1 of the Swamp
 23067 | Swamp:1  | Received a gift from Trog
 23120 | Swamp:2  | Reached skill level 20 in Fighting
 23142 | Swamp:2  | Noticed a thorn hunter
 23160 | Swamp:2  | Killed a thorn hunter
 23263 | Swamp:2  | Noticed Aizul
 23278 | Swamp:2  | Killed Aizul
 23706 | Swamp:4  | Entered Level 4 of the Swamp
 23709 | Swamp:4  | Noticed a thorn hunter
 23734 | Swamp:4  | Killed a thorn hunter
 23954 | Swamp:4  | Reached skill level 5 in Evocations
 23971 | Swamp:4  | Noticed a thorn hunter
 23979 | Swamp:4  | Reached XP level 17. HP: 171/171 MP: 10/20
 24060 | Swamp:4  | HP: 60/171 [swamp dragon (10)]
 24061 | Swamp:4  | HP: 25/171 [ten-headed hydra (8)]
 24061 | Swamp:4  | HP: 6/171 [swamp dragon (13)]
 24061 | Swamp:4  | Slain by a 17-headed hydra

Vault maps used:
D:1:      ncdulo_watergridlock, minmay_heptomino_o4
D:2:      kennysheep_big_flooded_room
D:3:      minitemple, first_ration, kennysheep_boxes
D:4:      abandoned_shop, minivault_25, amethyst_killhole, grunt_ministairs_10,
          nicolae_ru_the_path_less_chosen
D:5:      basic_altar
D:6:      cheibrodos_thug_alley
D:7:      temple_pool_b, nicolae_ossuary_entry_catacombs
D:8:      david_lair_generic, serial_shops, shop,
          hangedman_little_slice_of_home, introduction_to_nature_2
D:9:      gammafunk_jiyva_shrine, xom_teletrap_fun
Lair:1:   grunt_megastairs_2, infiniplex_staircase_pool_2, serial_bayou_shore_a
Lair:2:   uniq_fannar
Lair:3:   nicolae_swamp_entry_splash_gauntlet, guppyfry_snake_entry_garden,
          grunt_megastairs_3, infiniplex_staircase_pool
Lair:4:   serial_bayou_shore_b
Lair:5:   lemuel_fruit_tree, lemuel_fruit_fields, uniq_urug
Lair:6:   hangedman_lair_in_review, minmay_slime_entry_eyes
Swamp:1:  serial_swamp_ruin, evilmike_swamp_ruin_house_4,
          evilmike_swamp_ruin_rubble_2, evilmike_swamp_ruin_house_5,
          swamp_pool1, nicolae_swamp_fairy_circle
Swamp:2:  evilmike_swamp_ruin_rubble_1, uniq_aizul
Swamp:3:  hangedman_swamp_ruin_wall
Swamp:4:  swamp_basic_johnstein, swamp_pool4
Snake:1:  special_room
Snake:2:  serial_shops, nicolae_shop_competitors_out_of_business, uniq_frances
Snake:3:  serial_shops, nicolae_shop_behind_doors, st_stairs_5, uniq_roxanne,
          uniq_vashnia
Snake:4:  johnstein_snake_rune_scales, st_stairs_13

Skill      XL: |  1  2  3  4  5  6  7  8  9 10 11 12 13 14 15 16 17 |
---------------+----------------------------------------------------+-----
Fighting       | 4 5 6 7 8 10 11 12 14 16 18 19 20 | 20.4
Axes           | 5 6 7 8 10 12 14 16 17 18 | 18.0
Armour         | 4 6 10 12 15 16 17 | 17.2
Evocations     | 3 5 |  5.3
Dodging        | 3 4 |  4.8
Shields        | 4 7 8 |  8.3

Action                   |  1- 3 |  4- 6 |  7- 9 | 10-12 | 13-15 | 16-18 || total
-------------------------+-------+-------+-------+-------+-------+-------++-------
Melee: Hand axe          |   135 |   114 |    41 |       |       |       ||   290
       War axe           |       |       |   277 |   134 |       |       ||   411
       Broad axe         |       |       |       |   408 |   751 |   404 ||  1563
Invok: Berserk           |     4 |     5 |     7 |    16 |    15 |     8 ||    55
       Trog's Hand       |       |       |     2 |     1 |     4 |     5 ||    12
       Brothers in Arms  |       |       |       |     1 |     2 |     3 ||     6
Evoke: Wand              |       |       |     1 |       |     1 |       ||     2
  Use: Scroll            |     5 |       |    11 |     7 |    14 |     7 ||    44
       Potion            |       |       |       |       |     1 |       ||     1
 Stab: Distracted        |       |       |     1 |       |     1 |     1 ||     3
       Petrified         |       |       |       |       |     3 |       ||     3
  Eat: Chunk             |     6 |    10 |    18 |    19 |    22 |     4 ||    79
       Ration            |       |       |     1 |     9 |     6 |     3 ||    19
Armor: Animal skin       |    34 |    10 |       |       |       |       ||    44
       Chain mail        |       |    16 |   141 |   259 |    19 |       ||   435
       Plate armour      |       |       |       |       |   409 |   568 ||   977
Dodge: Dodged            |   127 |    73 |   143 |   235 |   310 |   333 ||  1221
Block: Shield            |       |       |       |       |    89 |   377 ||   466

Table legend:
 A = Spawn XP
 B = Non-spawn XP
 C = Spawn XP percentage of total XP
 D = Spawn monster count
 E = Non-spawn monster count
 F = Spawn count percentage of total count
 G = Total turns spent on level
                    A         B        C        D         E        F      G
               +---------+---------+-------+---------+---------+-------+---------
         Total |       0 |  188728 |   0.0 |       0 |     560 |   0.0 | 24061
               +---------+---------+-------+---------+---------+-------+---------
           D:1 |       0 |      17 |   0.0 |       0 |      11 |   0.0 |   772
           D:2 |       0 |      56 |   0.0 |       0 |      16 |   0.0 |  1169
           D:3 |       0 |     153 |   0.0 |       0 |      29 |   0.0 |   886
           D:4 |       0 |     183 |   0.0 |       0 |      11 |   0.0 |   884
           D:5 |       0 |     566 |   0.0 |       0 |      17 |   0.0 |   772
           D:6 |       0 |     311 |   0.0 |       0 |       8 |   0.0 |   224
           D:7 |       0 |     451 |   0.0 |       0 |      10 |   0.0 |   973
           D:8 |       0 |    3305 |   0.0 |       0 |      51 |   0.0 |  2440
           D:9 |       0 |    2795 |   0.0 |       0 |      14 |   0.0 |  1234
        Lair:1 |       0 |    4205 |   0.0 |       0 |      23 |   0.0 |  1084
        Lair:2 |       0 |    2748 |   0.0 |       0 |      12 |   0.0 |  1274
        Lair:3 |       0 |    5925 |   0.0 |       0 |      37 |   0.0 |  1239
        Lair:4 |       0 |    2948 |   0.0 |       0 |       7 |   0.0 |  1284
        Lair:5 |       0 |    6547 |   0.0 |       0 |      22 |   0.0 |  1375
        Lair:6 |       0 |   12715 |   0.0 |       0 |      42 |   0.0 |  1252
       Swamp:1 |       0 |    4361 |   0.0 |       0 |      12 |   0.0 |   112
       Swamp:2 |       0 |    9958 |   0.0 |       0 |      16 |   0.0 |   585
       Swamp:4 |       0 |   22711 |   0.0 |       0 |      37 |   0.0 |   355
       Snake:1 |       0 |    5921 |   0.0 |       0 |      11 |   0.0 |   562
       Snake:2 |       0 |   14819 |   0.0 |       0 |      27 |   0.0 |  1694
       Snake:3 |       0 |   38514 |   0.0 |       0 |      58 |   0.0 |  1802
       Snake:4 |       0 |   49519 |   0.0 |       0 |      89 |   0.0 |  2072
               +---------+---------+-------+---------+---------+-------+---------
